 Dungeon Crawl Stone Soup version 0.31-a0-152-g6aa68a64a1 (webtiles) character file.

Game seed: 17973540870989364138

6666 qw the Skirmisher (level 10, -6/91 HPs)
             Began as a Minotaur Hunter on June 10, 2023.
             Was an Elder of Okawaru.
             Mangled by an elephant (8 damage)
             ... on level 1 of the Lair of Beasts.
             The game lasted 00:02:49 (6208 turns).

qw the Skirmisher (Minotaur Hunter)                 Turns: 6208, Time: 00:02:49

Health: -6/91      AC: 14    Str: 14    XL:     10   Next: 73%
Magic:  12/13      EV: 20    Int:  5    God:    Okawaru [****..]
Gold:   326        SH:  0    Dex: 23    Spells: 9/9 levels left

rFire   + . .        j - +0 orcbow (flame)
rCold   . . .        (shield currently unavailable)
rNeg    . . .        f - +2 ring mail {Will+}
rPois   .            (helmet restricted)
rElec   .            n - +0 cloak
rCorr   .            p - +0 pair of gloves
SInv    +            c - +1 pair of boots
Will    +....        i - amulet of regeneration
Stlth   +++          l - ring of see invisible
HPRegen 1.15/turn    k - ring of protection from fire
MPRegen 0.13/turn

%: no passive effects
@: about to teleport, heroic
A: horns 2, retaliatory headbutt, claws 1, agile 1, sturdy frame 1
a: Renounce Religion, Heroism, Finesse


You were on level 1 of the Lair of Beasts.
You worshipped Okawaru.
Okawaru was greatly pleased with you.
You visited 3 branches of the dungeon, and saw 10 of its levels.

You collected 501 gold pieces.
You spent 175 gold pieces at shops.


Innate Abilities, Weirdness & Mutations

You have a pair of horns on your head.
You reflexively headbutt those who attack you in melee.
You have sharp fingernails.
You are agile. (Dex +4, Str/Int -1)
Your movements are slightly less encumbered by armour. (ER -2)


   Skills:
 - Level 9.2(14.2) Fighting
 + Level 13.4(18.4) Ranged Weapons
 - Level 5.2(10.2) Armour
 - Level 6.0(11.0) Dodging
 - Level 0.7(5.7) Stealth
 + Level 5.4 Invocations


You had 9 spell levels left.
You didn't know any spells.
Your spell library was empty.

Inventory:

Hand Weapons
 j - a +0 orcbow of flaming (weapon)
Armour
 c - a +1 pair of boots (worn)
 f - a +2 ring mail of willpower (worn)
 n - a +0 cloak (worn)
 p - a +0 pair of gloves (worn)
 q - +0 acid dragon scales
Jewellery
 i - an amulet of regeneration (around neck)
 k - a ring of protection from fire (right hand)
 l - a ring of see invisible (left hand)
 Y - a ring of willpower
Scrolls
 b - 4 scrolls of teleportation
 e - 5 scrolls of identify
Potions
 a - a potion of resistance
 d - 2 potions of cancellation
 g - 3 potions of curing
 h - 2 potions of mutation
 m - a potion of heal wounds

Dungeon Overview and Level Annotations

Branches:
Dungeon (8/15)             Temple (1/1) D:5            Lair (1/5) D:8

Altars:
Cheibriados
Dithmenos
Elyvilon
Fedhas
Gozag
Kikubaaqudgha
Nemelex Xobeh
Okawaru
Qazlal
Sif Muna
Trog
Uskayaw
Vehumet
Wu Jian
Xom
Yredelemnul
Zin
The Shining One

Shops:
D:4 ?


Message History

You headbutt the elephant! The elephant trunk-slaps you.
You shoot an arrow. The arrow hits the elephant.
The arrow burns the elephant.
The elephant is heavily wounded.
The cane toad stings you but does no damage.
The elephant tramples you!
You hold your ground!
The elephant trunk-slaps you. The elephant barely misses you.
You furiously retaliate!
You headbutt the elephant!
The elephant trunk-slaps you but does no damage.
You shoot an arrow. The arrow barely misses the elephant.
The cane toad barely misses you. The elephant tramples you.
You hold your ground!
The elephant barely misses you. x2
The elephant closely misses you.
You shoot an arrow. The arrow hits the elephant.
The arrow burns the elephant.
The elephant is severely wounded.
The cane toad closely misses you.
You shoot an arrow.
The arrow hits the elephant but does no damage.
The elephant is severely wounded.
The elephant misses you. The elephant barely misses you.
The elephant tramples you but does no damage.
The elephant closely misses you. The cane toad closely misses you.
You shoot an arrow. The arrow hits the elephant.
The arrow burns the elephant.
The elephant is severely wounded.
The elephant tramples you!
You hold your ground!
The elephant completely misses you.
The elephant tramples you but does no damage.
The elephant completely misses you. The cane toad closely misses you.
You furiously retaliate!
You headbutt the cane toad.
6207 ||| READING 5 scrolls of teleportation.
As you read the scroll of teleportation, it crumbles to dust.
You feel strangely unstable. The elephant tramples you!
You hold your ground!
The elephant trunk-slaps you but does no damage.
The elephant closely misses you. The elephant completely misses you.
The cane toad misses you.
6208 ||| DRINKING 2 potions of heal wounds.
You feel much better. The cane toad stings you!! The elephant tramples you!
You hold your ground!
The elephant completely misses you. The elephant tramples you!
You die...

## ###. ####...
....... .......
#### .
#......##@.##....
#......FYY......
#...........#.##
....#.#...####
... ###...# .
.###. .. .. ..#
... #.# ###.


You could see 2 elephants and a cane toad.

Vanquished Creatures
  A two-headed ogre (D:8)
  2 elephants (Lair:1)
  Maggie (D:6)
  Sigmund (D:6)
  4 wyverns
  4 yaks (D:8)
  A basilisk (D:8)
  Menkaure (D:7)
  An acid dragon (D:8)
  5 water moccasins (D:8)
  An orc warrior (D:8)
  A sky beast (D:7)
  3 black bears
  An ice beast (D:5)
  An ogre (D:6)
  2 centaurs
  4 wolves (D:8)
  3 kobold brigands
  3 bullfrogs
  5 wights (D:8)
  4 scorpions
  An oklob sapling (D:5)
  3 howler monkeys (D:8)
  2 hounds
  2 orc priests
  3 sleepcaps
  Natasha (thrice) (D:3)
  6 iguanas
  An orc wizard (D:7)
  5 gnolls
  3 adders
  3 white imps (D:5)
  3 ufetubi
  A worm (D:4)
  6 dart slugs
  21 orcs
  2 endoplasms (D:3)
  5 giant cockroaches
  4 goblins
  12 hobgoblins
  28 kobolds
  11 ball pythons
  4 bats
  2 frilled lizards
  3 rats
183 creatures vanquished.

Notes
Turn   | Place    | Note
-------+----------+-------------------------------------------
     0 | D:1      | qw the Minotaur Hunter began the quest for the Orb.
     0 | D:1      | Reached XP level 1. HP: 18/18 MP: 0/0
     0 | D:1      | 0 ||| qw: Version: 0.2-a-122-gbc61b45
     0 | D:1      | 0 ||| qw: Game counter: 3679
     0 | D:1      | 0 ||| qw: Always use a shield: true
     0 | D:1      | 0 ||| qw: God list: Okawaru
     0 | D:1      | 0 ||| qw: Allow faded altars: false
     0 | D:1      | 0 ||| qw: Do Orc after D:15 true
     0 | D:1      | 0 ||| qw: Do second Lair branch before Depths: true
     0 | D:1      | 0 ||| qw: Lair rune preference: random
     0 | D:1      | 0 ||| qw: Plans: Normal
     0 | D:1      | 0 ||| PLANNING D:1-11
   236 | D:1      | Reached XP level 2. HP: 25/25 MP: 1/1
   244 | D:1      | Reached skill level 5 in Ranged Weapons
   678 | D:1      | 678 ||| UPGRADING to +2 ring mail of willpower.
   688 | D:1      | 688 ||| DROPPING +0 leather armour.
   689 | D:1      | 689 ||| READING scroll labelled ICOKEF BAUPI.
   690 | D:1      | 690 ||| READING 2 scrolls labelled XYSOGY LIASK.
   691 | D:1      | 691 ||| READING scroll labelled YRAGRO WICO.
   692 | D:1      | 692 ||| READING scroll labelled LOQIT NYRIS.
   695 | D:1      | 695 ||| DROPPING scroll of butterflies.
   942 | D:2      | Reached skill level 1 in Armour
   969 | D:2      | Reached skill level 3 in Fighting
   969 | D:2      | Reached XP level 3. HP: 31/31 MP: 2/2
   977 | D:2      | Found a white marble altar of Elyvilon.
  1364 | D:2      | 1364 ||| DROPPING ring of flight.
  1365 | D:2      | 1365 ||| READING scroll labelled TEUMEA JOMIUH.
  1399 | D:3      | 1399 ||| PLANNING SEWER
  1409 | D:3      | Noticed Natasha
  1417 | D:3      | Killed Natasha
  1418 | D:3      | Reached XP level 4. HP: 37/38 MP: 3/3
  1495 | D:3      | Found a faded altar of an unknown god.
  1600 | D:3      | 1600 ||| READING 2 scrolls labelled ILUTSA BOG QYN.
  1601 | D:3      | 1601 ||| READING scroll labelled FILEYNI YLUR.
  1602 | D:3      | 1602 ||| DROPPING scroll of noise.
  1607 | D:3      | Identified the +3 spear of Paewuxuk {heavy, SInv}
  1910 | D:3      | Noticed Natasha
  1920 | D:3      | Killed Natasha
  1921 | D:3      | Reached skill level 6 in Ranged Weapons
  1985 | D:3      | Noticed Natasha
  1990 | D:3      | Killed Natasha
  1991 | D:3      | Reached XP level 5. HP: 46/46 MP: 4/4
  2032 | D:3      | 2032 ||| RIP SEWER
  2040 | D:3      | 2040 ||| PLANNING D:1-11
  2352 | D:3      | 2352 ||| UPGRADING to +0 pair of boots.
  2357 | D:3      | 2357 ||| UPGRADING to amulet of regeneration.
  2362 | D:3      | 2362 ||| READING scroll labelled YSIOSCH HOZXAUCS.
  2409 | D:4      | Reached skill level 7 in Ranged Weapons
  2424 | D:4      | Found Ogahoth's Magic Scroll Boutique.
  2427 | D:4      | 2427 ||| BUYING 2 scrolls of identify (52 gold).
  2427 | D:4      | Bought 2 scrolls of identify for 52 gold pieces
  2427 | D:4      | 2427 ||| BUYING scroll of enchant armour (97 gold).
  2427 | D:4      | Bought a scroll of enchant armour for 97 gold pieces
  2427 | D:4      | 2427 ||| BUYING scroll of identify (26 gold).
  2427 | D:4      | Bought a scroll of identify for 26 gold pieces
  2427 | D:4      | 2427 ||| SHOPLISTING scroll of identify (26 gold, have 11).
  2427 | D:4      | 2427 ||| SHOPLISTING scroll of teleportation (39 gold, have
                  | 11).
  2427 | D:4      | 2427 ||| READING scroll of enchant armour.
  2427 | D:4      | 2427 ||| ENCHANTING +0 pair of boots.
  2567 | D:4      | 2567 ||| READING scroll of brand weapon.
  2567 | D:4      | 2567 ||| BRANDING +0 shortbow of draining.
  2629 | D:4      | Reached XP level 6. HP: 40/52 MP: 5/5
  2733 | D:4      | Reached skill level 8 in Ranged Weapons
  3106 | D:4      | Reached XP level 7. HP: 25/61 MP: 6/6
  3199 | D:4      | Reached skill level 3 in Dodging
  3363 | D:4      | 3363 ||| UPGRADING to ring of see invisible.
  3364 | D:4      | 3364 ||| READING scroll labelled VIREAQI ILATI.
  3365 | D:4      | 3365 ||| READING scroll labelled TAQUEPH ZYMU.
  3366 | D:4      | 3366 ||| DRINKING 2 white potions.
  3366 | D:4      | Gained mutation: Your movements are slightly less
                  | encumbered by armour. (ER -2) [potion of mutation]
  3366 | D:4      | Gained mutation: You have sharp fingernails. [potion of
                  | mutation]
  3366 | D:4      | Gained mutation: You are agile. (Dex +4, Str/Int -1)
                  | [potion of mutation]
  3367 | D:4      | 3367 ||| READING 6 scrolls of identify.
  3367 | D:4      | 3367 ||| IDENTIFYING lumpy brown potion
  3368 | D:4      | 3368 ||| READING 5 scrolls of identify.
  3368 | D:4      | 3368 ||| IDENTIFYING lumpy red potion
  3369 | D:4      | 3369 ||| READING 4 scrolls of identify.
  3369 | D:4      | 3369 ||| IDENTIFYING ruby potion
  3370 | D:4      | 3370 ||| READING 3 scrolls of identify.
  3370 | D:4      | 3370 ||| IDENTIFYING sapphire potion
  3371 | D:4      | 3371 ||| DROPPING potion of attraction.
  3372 | D:4      | 3372 ||| DROPPING potion of enlightenment.
  3373 | D:4      | 3373 ||| DROPPING potion of lignification.
  3380 | D:5      | Entered Level 5 of the Dungeon
  3419 | D:5      | Found a staircase to the Ecumenical Temple.
  3420 | D:5      | 3420 ||| PLANNING TEMPLE
  3432 | Temple   | Entered the Ecumenical Temple
  3457 | Temple   | 3457 ||| PLANNING OKAWARU WORSHIP
  3610 | Temple   | Became a worshipper of Warmaster Okawaru
  3610 | Temple   | 3610 ||| PLANNING D:1-11
  3917 | D:5      | Identified the +0 robe of Fortitude {Rampage}
  3958 | D:5      | 3958 ||| SWAPPING to +0 orcbow.
  3959 | D:5      | 3959 ||| DROPPING +0 heavy shortbow.
  3968 | D:5      | Reached skill level 9 in Ranged Weapons
  3984 | D:5      | Noticed a wyvern
  3987 | D:5      | Killed a wyvern
  3988 | D:5      | Reached skill level 6 in Fighting
  4098 | D:5      | 4098 ||| Stepping ~*~*~tactically~*~*~ (outnumbered).
  4107 | D:5      | Reached XP level 8. HP: 70/70 MP: 7/7
  4276 | D:5      | Reached * piety under Okawaru
  4282 | D:5      | 4282 ||| DROPPING +0 robe of Fortitude {Rampage}.
  4283 | D:5      | 4283 ||| UPGRADING to ring of willpower.
  4284 | D:5      | 4284 ||| READING scroll labelled LUNKAE YVVOH.
  4285 | D:5      | 4285 ||| DRINKING 3 black potions.
  4286 | D:5      | 4286 ||| READING 3 scrolls of identify.
  4286 | D:5      | 4286 ||| IDENTIFYING pink potion
  4287 | D:5      | 4287 ||| READING 2 scrolls of identify.
  4287 | D:5      | 4287 ||| IDENTIFYING viscous yellow potion
  4327 | D:6      | Noticed Maggie
  4338 | D:6      | 4338 ||| INVOKING Heroism.
  4353 | D:6      | 4353 ||| INVOKING Heroism.
  4355 | D:6      | Killed Maggie
  4356 | D:6      | Reached skill level 10 in Ranged Weapons
  4397 | D:6      | Noticed Sigmund
  4398 | D:6      | 4398 ||| FLEEEEING.
  4404 | D:6      | 4404 ||| INVOKING Heroism.
  4406 | D:6      | Killed Sigmund
  4549 | D:6      | 4549 ||| INVOKING Heroism.
  4680 | D:6      | 4680 ||| INVOKING Heroism.
  4684 | D:6      | Reached skill level 3 in Invocations
  4714 | D:6      | 4714 ||| INVOKING Heroism.
  4722 | D:6      | Reached XP level 9. HP: 79/79 MP: 7/10
  4912 | D:6      | 4912 ||| UPGRADING to ring of protection from fire.
  5222 | D:7      | Reached ** piety under Okawaru
  5239 | D:7      | 5239 ||| READING scroll of brand weapon.
  5239 | D:7      | 5239 ||| BRANDING +0 orcbow.
  5260 | D:7      | Noticed Menkaure
  5261 | D:7      | 5261 ||| INVOKING Heroism.
  5264 | D:7      | Killed Menkaure
  5265 | D:7      | Reached skill level 11 in Ranged Weapons
  5380 | D:7      | Reached skill level 3 in Armour
  5408 | D:7      | 5408 ||| UPGRADING to +0 cloak.
  5505 | D:8      | 5505 ||| INVOKING Heroism.
  5651 | D:8      | Reached skill level 12 in Ranged Weapons
  5687 | D:8      | Found a glowing silver altar of Zin.
  5775 | D:8      | Reached *** piety under Okawaru
  5781 | D:8      | Reached skill level 6 in Dodging
  5787 | D:8      | Reached XP level 10. HP: 76/88 MP: 12/12
  5796 | D:8      | 5796 ||| INVOKING Heroism.
  5826 | D:8      | Reached skill level 13 in Ranged Weapons
  5831 | D:8      | Noticed a two-headed ogre
  5832 | D:8      | 5832 ||| INVOKING Heroism.
  5836 | D:8      | Killed a two-headed ogre
  5837 | D:8      | Reached skill level 9 in Fighting
  5851 | D:8      | Found a staircase to the Lair.
  6051 | D:8      | Reached **** piety under Okawaru
  6051 | D:8      | Received a gift from Okawaru
  6101 | D:8      | 6101 ||| PLANNING LAIR
  6101 | D:8      | 6101 ||| UPGRADING to +0 pair of gloves.
  6106 | D:8      | 6106 ||| READING 6 scrolls of identify.
  6106 | D:8      | 6106 ||| IDENTIFYING smoky inky potion
  6107 | D:8      | 6107 ||| DROPPING potion of invisibility.
  6170 | Lair:1   | Entered Level 1 of the Lair of Beasts
  6173 | Lair:1   | Noticed an elephant
  6175 | Lair:1   | Noticed an elephant
  6176 | Lair:1   | Noticed an elephant
  6178 | Lair:1   | Noticed an elephant
  6188 | Lair:1   | Noticed a cane toad
  6189 | Lair:1   | 6189 ||| INVOKING Heroism.
  6195 | Lair:1   | Killed an elephant
  6197 | Lair:1   | Killed an elephant
  6206 | Lair:1   | HP: 19/91 [elephant (8)]
  6207 | Lair:1   | 6207 ||| READING 5 scrolls of teleportation.
  6207 | Lair:1   | HP: 7/91 [elephant (13)]
  6208 | Lair:1   | 6208 ||| DRINKING 2 potions of heal wounds.
  6208 | Lair:1   | HP: 2/91 [elephant (8)]
  6208 | Lair:1   | Mangled by an elephant

Levels and vault maps discovered:
D:1:      sevenhm_arrival_forest_fort_large_2, layout_basic
D:2:      layout_basic, basic_altar, serial_curves, eino_curves_02,
          eino_curves_02
D:3:      layout_basic, portal_sewer_entry_d,
          hellmonk_ecumenical_altar_crossroads, kennysheep_path_1,
          minmay_stone_trees_small, chequers_mini_garden, st_stairs_7,
          kennysheep_cross_bottleneck, minmay_surrounded, uniq_natasha
D:4:      cheibrodos_thug_alley, layout_basic, serial_shops,
          nicolae_shop_tiny_real_fake_doors, grunt_ministairs_15,
          minmay_bisected
D:5:      layout_loops_cross, minmay_temple_entry_oklob, minmay_misc_feat_alley,
          kennysheep_generic_room_4
D:6:      layout_cave_pools, serial_column_ruins, column_ruins_open_tiny,
          column_ruins_open_tiny, column_ruins_columns_corner,
          column_ruins_columns_straight, column_ruins_corridor_corner,
          minmay_misc_feat_secret_circle, uniq_sigmund, uniq_maggie
D:7:      layout_basic, kennysheep_flooded_box, uniq_menkaure
D:8:      layout_basic, mainiacjoe_overflow_surrounded_room,
          minmay_lair_entry_grove
Temple:   bh_familiar_temple
Lair:1:   layout_layer_cave, gammafunk_ghost_arena

Skill      XL: |  1  2  3  4  5  6  7  8  9 10 |
---------------+-------------------------------+-----
Ranged Weapons | 5 6 7 8 9 10 12 13 | 13.4
Armour         | 1 2 4 5 |  5.2
Fighting       | 3 4 5 6 7 8 9 |  9.2
Dodging        | 3 4 6 |  6.0
Invocations    | 3 4 5 |  5.4
Stealth        | |  0.7

Action                     |  1- 3 |  4- 6 |  7- 9 | 10-12 || total
---------------------------+-------+-------+-------+-------++-------
   Fire: Shortbow          |    84 |   150 |    40 |       ||   274
         Orcbow            |       |       |   256 |    83 ||   339
 Invoke: Heroism           |       |       |     8 |     3 ||    11
    Use: Scroll            |     5 |     5 |    10 |     2 ||    22
         Potion            |       |       |     2 |     1 ||     3
 Armour: Leather armour    |    10 |       |       |       ||    10
         Ring mail         |     8 |    46 |    25 |    37 ||   116
  Dodge: Dodged            |    19 |    34 |   109 |    80 ||   242

Table legend:
 A = Non-vault XP
 B = Vault XP
 C = Vault XP percentage of total XP
 D = Non-vault monster count
 E = Vault monster count
 F = Vault count percentage of total count
                 A         B        C        D         E       F
            +---------+---------+-------+---------+---------+-------
      Total |    6475 |    3049 |  32.0 |     147 |      36 |  19.7
            +---------+---------+-------+---------+---------+-------
        D:1 |      26 |       0 |   0.0 |      17 |       0 |   0.0
        D:2 |      46 |       0 |   0.0 |      12 |       0 |   0.0
        D:3 |     181 |      65 |  26.4 |      19 |       4 |  17.4
        D:4 |     426 |     122 |  22.3 |      22 |      14 |  38.9
        D:5 |     552 |     187 |  25.3 |      16 |       2 |  11.1
        D:6 |     534 |     666 |  55.5 |      12 |       2 |  14.3
        D:7 |     668 |     172 |  20.5 |      26 |       1 |   3.7
        D:8 |    3053 |    1837 |  37.6 |      21 |      13 |  38.2
     Lair:1 |     989 |       0 |   0.0 |       2 |       0 |   0.0
            +---------+---------+-------+---------+---------+-------
